 Dungeon Crawl Stone Soup version 0.28.0-53-g5a82cb258f (webtiles) character file.

Game seed: 677441172561009386

15187 Peloso the Carver (level 11, -3/99 HPs)
             Began as a Minotaur Fighter on May 28, 2022.
             Was a High Priest of Okawaru.
             Killed from afar by an ice statue (27 damage)
             ... with a shard of ice
             ... in an ice cave.
             The game lasted 00:22:54 (14509 turns).

Peloso the Carver (Minotaur Fighter)               Turns: 14509, Time: 00:22:54

Health: -3/99      AC: 17    Str: 23    XL:     11   Next: 98%
Magic:  12/12      EV:  8    Int: 12    God:    Okawaru [*****.]
Gold:   403        SH: 11    Dex: 12    Spells: 10/10 levels left

rFire   x . .      SeeInvis .   a - +10 falchion "Jutos" {drain, rF- Int+7}
rCold   . . .      Faith    .   c - +0 buckler
rNeg    . . .      Spirit   .   v - +0 plate armour
rPois   .          Reflect  +   (helmet restricted)
rElec   .          Harm     .   (no cloak)
rCorr   .          Rampage  .   m - +1 pair of gloves
Will    .....                   (no boots)
Stlth   ..........              n - amulet of reflection
HPRegen 0.26/turn               (no ring)
MPRegen 0.13/turn               (no ring)

@: no status effects
A: horns 2, retaliatory headbutt
a: Renounce Religion, Heroism, Finesse, Duel


You were in an ice cave.
You worshipped Okawaru.
Okawaru was extremely pleased with you.
You visited 2 branches of the dungeon, and saw 12 of its levels.
You also visited: Ossuary and Ice Cave.

You collected 474 gold pieces.
You spent 71 gold pieces at shops.

Inventory:

Hand Weapons
 a - the +10 falchion "Jutos" (weapon) {drain, rF- Int+7}
   (Okawaru gifted it to you on level 10 of the Dungeon)

   A truly terrible weapon, it drains the life of any living foe it strikes.
   Int:       It affects your intelligence (+7).
   rF:        It makes you vulnerable to fire.
 b - a +2 long sword of holy wrath
Missiles
 o - 3 throwing nets (quivered)
Armour
 c - a +0 buckler (worn)
 m - a +1 pair of gloves (worn)
 v - a +0 plate armour (worn)
 z - a +0 chain mail
Jewellery
 l - a +6 ring of intelligence
 n - an amulet of reflection (around neck)
 F - an amulet of regeneration
 G - a ring of fire
Wands
 p - a wand of flame (25)
 A - a wand of paralysis (7)
 J - a wand of polymorph (4)
Scrolls
 e - 2 scrolls of blinking
 f - 3 scrolls of magic mapping
 h - 3 scrolls of enchant armour
 j - 7 scrolls of teleportation
 k - a scroll of silence
 u - a scroll of fog
 x - a scroll of enchant weapon
 y - 2 scrolls of amnesia {unknown}
 E - a scroll of immolation {unknown}
 I - a scroll of holy word {unknown}
Potions
 d - a potion of might
 g - 4 potions of flight
 i - a potion of heal wounds
 q - a potion of magic
 s - 3 potions of curing
 w - a potion of cancellation
 B - 2 potions of ambrosia {unknown}
 C - a potion of haste


   Skills:
 + Level 9.8 Fighting
 + Level 13.6 Long Blades
 + Level 11.5 Armour
 + Level 5.2 Dodging
 + Level 2.0 Stealth
 + Level 11.0 Shields
 + Level 3.1 Invocations
 + Level 1.0 Evocations


You had 10 spell levels left.
You didn't know any spells.
Your spell library contained the following spells:

 Spells                   Type           Power      Damage    Failure   Level
 Sandblast                Erth           0%         2d4       99%         1
 Shock                    Conj/Air       0%         1d3       99%         1
 Passwall                 Tmut/Erth      0%         N/A       100%        2
 Sublimation of Blood     Necr           0%         N/A       100%        2
 Wereblood                Tmut           0%         N/A       100%        2
 Stone Arrow              Conj/Erth      0%         3d7       100%        3
 Swiftness                Air            0%         N/A       100%        3
 Airstrike                Air            0%         N/A       100%        4
 Summon Hydra             Summ           Unusable   N/A       N/A         7

Dungeon Overview and Level Annotations

Branches:
Dungeon (11/15)            Temple (1/1) D:4            Lair (0/6) D:9
    Orc (0/2) D:11        Ossuary (visited)           IceCv (1/1)

Altars:
Ashenzari
Cheibriados
Dithmenos
Elyvilon
Fedhas
Gozag
Hepliaklqana
Kikubaaqudgha
Makhleb
Nemelex Xobeh
Okawaru
Qazlal
Ru
Sif Muna
Trog
Uskayaw
Vehumet
Wu Jian
Xom
Yredelemnul
Zin
The Shining One

Shops:
D:9 ?

Annotations:
D:8 2 transporters, Grum; hitsuchi's ghost, novice DgFE IceCv exclusion: 2 ice statues


Innate Abilities, Weirdness & Mutations

You have a pair of horns on your head.
You reflexively headbutt those who attack you in melee.


Message History

HP restored. 2 ice statues come into view.
The ice statue gestures at you.
Marking area around 2 ice statues as unsafe for travelling.
You slash the ice statue! You headbutt the ice statue!
The ice statue is moderately damaged.
You are engulfed in freezing vapours.
You hit the ice statue but do no damage.
You headbutt the ice statue!
The ice statue is moderately damaged.
You are engulfed in freezing vapours.
The ice statue gestures.
You slash the ice statue!
The ice statue is heavily damaged.
You are engulfed in freezing vapours.
Unknown command.
You hit the ice statue.
You headbutt the ice statue, but do no damage.
The ice statue is heavily damaged.
You are engulfed in freezing vapours.
The ice statue gestures at you. The bolt of cold hits you!
Unknown command.
You hit the ice statue but do no damage.
You headbutt the ice statue, but do no damage.
The ice statue is heavily damaged.
You are engulfed in freezing vapours.
The ice statue gestures.
You slash the ice statue! You headbutt the ice statue.
The ice statue is severely damaged.
You are engulfed in freezing vapours.
You hit the ice statue.
The ice statue is severely damaged.
You are engulfed in freezing vapours.
* * * LOW HITPOINT WARNING * * *
The ice beast hits you but does no damage.
You block the ice beast's attack. The ice statue gestures at you.
The shard of ice hits you!!
You die...

### ##..# ##....#
#......## ........##
#### .....°.Y8# ####
##..##
.......@####..#####....#
......°Y°##....##.......
......°°○...#.......∩.∩.
.....°.....###..........
.........####....##....#
........## #.######..##
#.......8 #.. ####
#.......# ##. #.....# #.


You could see 2 ice statues and 2 ice beasts.

Vanquished Creatures
  Harold (D:10)
  A hydra (D:11)
  Erolcha (D:10)
  3 two-headed ogres
  A cyclops (D:10)
  Psyche (D:10)
  A gargoyle (D:11)
  A rime drake (IceCv)
  3 trolls
  25 yaks
  A shadow (D:8)
  2 wyverns
  6 humans (D:6)
  A steam dragon (D:10)
  A water moccasin (D:7)
  Duvessa (D:4)
  5 orc warriors
  An ice beast (D:6)
  A black bear (D:4)
  4 necrophages
  2 hornet zombies (D:8)
  2 centaurs
  2 kobold brigands
  2 bullfrogs
  2 gnoll sergeants (D:9)
  3 wyvern zombies
  2 scorpions
  3 water moccasin zombies (Ossuary)
  A two-headed ogre simulacrum (D:11)
  2 wyvern skeletons (D:7)
  Dowan (D:4)
  A water moccasin skeleton (D:7)
  6 killer bees (D:8)
  5 howler monkeys
  8 wights
  3 centaur zombies
  A jelly (D:6)
  A bullfrog zombie (D:6)
  2 komodo dragon simulacra (IceCv)
  3 hounds
  A gnoll shaman (D:6)
  A human zombie (D:8)
  7 orc priests
  A centaur skeleton (D:4)
  An iguana (D:4)
  8 orc wizards
  2 troll simulacra (D:11)
  3 spriggan simulacra (D:11)
  4 killer bee zombies
  2 mummies (Ossuary)
  A howler monkey zombie (D:9)
  12 gnolls
  9 adders
  A howler monkey skeleton (D:6)
  A white imp (D:6)
  An ufetubus (D:4)
  4 steam dragon simulacra (IceCv)
  4 adder zombies (Ossuary)
  A worm (D:4)
  3 dart slugs
  19 orcs
  5 ball pythons
  10 bats
  7 endoplasms
  3 giant cockroaches
  6 gnoll zombies (Ossuary)
  4 goblins
  6 hobgoblins
  7 quokkas
  4 frilled lizards
  12 hobgoblin zombies
  16 kobolds
  4 kobold zombies (Ossuary)
  An orc zombie (Ossuary)
  2 rats (D:3)
286 creatures vanquished.

Vanquished Creatures (others)
  A kobold (D:11)
  A fungus (D:1)
  6 plants (D:8)
8 creatures vanquished.

Grand Total: 294 creatures vanquished

Notes
Turn   | Place    | Note
-------+----------+-------------------------------------------
     0 | D:1      | Peloso the Minotaur Fighter began the quest for the Orb.
     0 | D:1      | Reached XP level 1. HP: 19/19 MP: 0/0
   173 | D:1      | Reached XP level 2. HP: 27/27 MP: 1/1
   502 | D:1      | Reached XP level 3. HP: 33/33 MP: 2/2
   779 | D:1      | Found a faded altar of an unknown god.
  1014 | D:2      | Reached skill level 3 in Long Blades
  1369 | D:2      | Reached XP level 4. HP: 20/41 MP: 3/3
  1929 | D:3      | Found a sparkling altar of Nemelex Xobeh.
  2622 | D:4      | Reached skill level 4 in Long Blades
  2676 | D:4      | Noticed a scorpion
  2688 | D:4      | Killed a scorpion
  2689 | D:4      | Reached skill level 1 in Dodging
  2689 | D:4      | Reached XP level 5. HP: 27/47 MP: 4/4
  2964 | D:4      | Reached skill level 5 in Armour
  2997 | D:4      | Reached skill level 5 in Long Blades
  2997 | D:4      | Reached XP level 6. HP: 33/55 MP: 5/5
  3308 | D:4      | Found an iron altar of Okawaru.
  3359 | D:4      | Noticed Duvessa
  3359 | D:4      | Noticed Dowan
  3419 | D:4      | Killed Duvessa
  3420 | D:4      | Reached skill level 5 in Fighting
  3433 | D:4      | Killed Dowan
  3436 | D:4      | Reached skill level 6 in Long Blades
  3436 | D:4      | Reached XP level 7. HP: 27/61 MP: 6/6
  3644 | D:4      | Found a staircase to the Ecumenical Temple.
  3665 | Temple   | Entered the Ecumenical Temple
  4082 | D:4      | Became a worshipper of Warmaster Okawaru
  4103 | D:5      | Entered Level 5 of the Dungeon
  4278 | D:5      | Reached skill level 5 in Shields
  4407 | D:5      | Found a sand-covered staircase.
  4411 | Ossuary  | Entered an ossuary
  4629 | Ossuary  | Reached skill level 7 in Long Blades
  4663 | Ossuary  | Reached skill level 1 in Stealth
  5224 | D:6      | Reached XP level 8. HP: 35/69 MP: 7/7
  5464 | D:6      | Reached * piety under Okawaru
  5757 | D:6      | Reached skill level 8 in Long Blades
  5792 | D:6      | Reached skill level 9 in Long Blades
  5792 | D:6      | Reached skill level 1 in Invocations
  5801 | D:6      | Reached XP level 9. HP: 48/77 MP: 5/8
  5808 | D:6      | Reached ** piety under Okawaru
  6206 | D:6      | Found an ornate altar of the Wu Jian Council.
  6395 | D:6      | Found a blossoming altar of Fedhas.
  6635 | D:7      | Reached skill level 10 in Long Blades
  7379 | D:7      | Noticed a troll
  7772 | D:7      | Killed a troll
  7783 | D:7      | HP: 3/79 [wyvern skeleton (7)]
  8339 | D:7      | Noticed a two-headed ogre
  8352 | D:7      | Killed a two-headed ogre
  8352 | D:7      | Reached *** piety under Okawaru
  8353 | D:7      | Reached skill level 11 in Long Blades
  8353 | D:7      | Reached XP level 10. HP: 17/86 MP: 10/10
  8864 | D:7      | Found a burning altar of Makhleb.
  9052 | D:8      | Found a shadowy altar of Dithmenos.
  9614 | D:8      | Noticed Grum
  9641 | D:8      | Found a transporter.
  9641 | D:8      | Found a transporter.
  9653 | D:8      | Identified the +3 kite shield "Maceodul" {Drain rF- rC+++
                  | Str+6}
  9653 | D:8      | Identified the amulet of Ebats {Faith rN+ SInv}
  9653 | D:8      | Noticed hitsuchi's ghost (novice DgFE)
 10045 | D:8      | Reached **** piety under Okawaru
 10585 | D:8      | Noticed a two-headed ogre
 10596 | D:8      | Killed a two-headed ogre
 10596 | D:8      | Reached ***** piety under Okawaru
 10597 | D:8      | Reached skill level 10 in Armour
 11201 | D:8      | Reached skill level 12 in Long Blades
 11289 | D:8      | Reached XP level 11. HP: 91/92 MP: 11/11
 11357 | D:8      | Found a basalt altar of Yredelemnul.
 11692 | D:9      | Identified the +1 ring mail "Reanul" {+Inv rC++ Dex-2 SInv}
 11834 | D:9      | Found a snail-covered altar of Cheibriados.
 11862 | D:9      | Reached skill level 10 in Shields
 12154 | D:9      | Found Plog's Magic Scroll Shop.
 12158 | D:9      | Bought a scroll of magic mapping for 45 gold pieces
 12158 | D:9      | Bought a scroll of identify for 26 gold pieces
 12209 | D:9      | Found a staircase to the Lair.
 12299 | D:10     | Entered Level 10 of the Dungeon
 12367 | D:10     | Noticed Harold
 12386 | D:10     | Killed Harold
 12645 | D:10     | Reached skill level 5 in Dodging
 12651 | D:10     | Reached skill level 13 in Long Blades
 12662 | D:10     | HP: 3/97 [yak (8)]
 12989 | D:10     | Noticed a two-headed ogre
 12997 | D:10     | Killed a two-headed ogre
 13084 | D:10     | Noticed Erolcha
 13103 | D:10     | HP: 4/97 [something (25)]
 13110 | D:10     | Killed Erolcha
 13110 | D:10     | Identified the +10 falchion "Jutos" {drain, rF- Int+7}
                  | (Okawaru gifted it to you on level 10 of the Dungeon)
 13110 | D:10     | Received a gift from Okawaru
 13502 | D:10     | Noticed Psyche
 13537 | D:10     | Killed Psyche
 14070 | D:11     | Noticed a six-headed hydra
 14093 | D:11     | Killed a six-headed hydra
 14159 | D:11     | Found a frozen archway.
 14193 | IceCv    | Entered an ice cave
 14339 | IceCv    | Reached skill level 1 in Evocations
 14509 | IceCv    | Killed from afar by an ice statue

Illustrated notes

Levels and vault maps discovered:
D:1:      nzn_arrival_water_spiral, layout_loops_ring,
          shapermc_ecumenical_altar_acropolis, chequers_garden
D:2:      layout_loops_corners
D:3:      layout_loops_ring, mainiacjoe_overflow_alcove_2,
          corexii_hall_statues_l
D:4:      layout_loops_ring, general_overflow_altar, minmay_temple_entry_arrows,
          dk_rats_in_the_wall, uniq_duvessa
D:5:      layout_loops_ring, enter_ossuary_5
D:6:      layout_basic, fedhas_bush_and_centaur_altar,
          mainiacjoe_overflow_concentric_impassable, minmay_ruffians
D:7:      layout_gridville, lightli_temple_of_fire
D:8:      layout_gridville, lemuel_mausoleum_altar_yredelemnul,
          mainiacjoe_overflow_boulevard, gammafunk_ghost_gnarly_gnolls,
          kennysheep_cross_room, minmay_misc_feat_four_crosses
D:9:      layout_roguey, overflow_temple_1_default, lair_entry_dummy,
          serial_shops, shop
D:10:     layout_roguey, uniq_harold, uniq_erolcha, uniq_psyche
D:11:     layout_basic, zombieorc1_lemuel, portal_ice_cave_entry_ice_simulacra,
          grunt_decor_mini_mirrors, uniq_josephine
Temple:   eino_temple_lava
IceCv:    ice_cave_small_dragons

Skill      XL: |  1  2  3  4  5  6  7  8  9 10 11 |
---------------+----------------------------------+-----
Fighting       | 4 5 6 7 8 9 |  9.8
Armour         | 4 5 6 7 8 10 11 | 11.5
Long Blades    | 3 4 5 6 7 9 11 12 13 | 13.6
Shields        | 4 5 6 7 9 11 | 11.0
Dodging        | 1 2 3 4 5 |  5.2
Stealth        | 1 2 |  2.0
Invocations    | 1 2 3 |  3.1
Evocations     | 1 |  1.0

Action                   |  1- 3 |  4- 6 |  7- 9 | 10-12 || total
-------------------------+-------+-------+-------+-------++-------
Melee: Long sword        |    69 |   114 |   410 |   411 ||  1004
       Headbutt          |     6 |    21 |    70 |   132 ||   229
       Falchion          |       |       |       |    71 ||    71
Invok: Heroism           |       |       |    12 |    18 ||    30
Evoke: Wand              |       |     3 |     1 |     8 ||    12
  Use: Potion            |     1 |       |     2 |     4 ||     7
       Scroll            |       |     3 |     2 |     9 ||    14
Armor: Scale mail        |    37 |    60 |    32 |       ||   129
       Chain mail        |       |       |   119 |       ||   119
       Plate armour      |       |       |     3 |   149 ||   152
Dodge: Dodged            |    44 |    46 |   128 |   108 ||   326
Block: Buckler           |    14 |    61 |   218 |   213 ||   506
       Reflection        |       |     3 |     7 |     8 ||    18
